 Dungeon Crawl Stone Soup version 0.21-a0-633-g4c047d5 (webtiles) character file.

1320 Faca the Shield-Bearer (level 8, -9/61 (63) HPs)
             Began as a Formicid Fighter on Dec 28, 2017.
             Mangled by an ogre
             ... wielding a +0 giant club
              (16 damage)
             ... on level 5 of the Dungeon.
             The game lasted 00:12:38 (5359 turns).

Faca the Shield-Bearer (Formicid Fighter)           Turns: 5359, Time: 00:12:39

HP:   -9/61 (63)    AC: 10    Str: 21    XL:     8   Next: 90%
MP:   8/8           EV:  8    Int:  8    God:
Gold: 249           SH: 12    Dex: 12    Spells: 7/7 levels left

rFire    . . .     SeeInvis +   a - +0 long sword
rCold    . . .     Gourm    .   c - +1 shield
rNeg     . . .     Faith    .   k - +0 chain mail
rPois    .         Spirit   .   (helmet unavailable)
rElec    .         Reflect  .   (no cloak)
rCorr    .         Harm     .   (no gloves)
MR       .....                  (no boots)
Stlth    ..........             (no amulet)
HPRegen  0.20/turn              (no ring)
MPRegen  0.11/turn              (no ring)

@: no status effects
A: permanent stasis, dig shafts and tunnels, four strong arms, antennae 3
a: Dig, Shaft Self


You were on level 5 of the Dungeon.
You were not hungry.

You visited 1 branch of the dungeon, and saw 5 of its levels.

You collected 249 gold pieces.

Inventory:

Hand Weapons
 a - a +0 long sword (weapon)
Missiles
 n - 22 sling bullets
Armour
 c - a +1 shield (worn)
 k - a +0 chain mail (worn)
 q - a +0 plate armour
Wands
 b - a wand of digging (9)
Scrolls
 j - a scroll of remove curse
 m - a scroll of magic mapping
 p - a scroll of amnesia {unknown}
Potions
 d - a potion of might
 e - a potion of lignification
 g - a potion of degeneration {unknown}
 h - a potion of cancellation {unknown}
 i - 2 potions of magic
 l - a potion of curing {unknown}
 o - a potion of flight
Comestibles
 f - 4 rations


   Skills:
 + Level 5.4 Fighting
 + Level 5.7 Long Blades
 + Level 6.2 Armour
 + Level 1.9 Dodging
 + Level 0.5 Stealth
 + Level 7.3 Shields


You had 7 spell levels left.
You didn't know any spells.

Dungeon Overview and Level Annotations

Branches:
Dungeon (5/15)             Temple (0/1) D:4

Altars:
Ru


Innate Abilities, Weirdness & Mutations

You cannot be hasted, slowed, berserked, paralysed or teleported.
You can dig through walls and to a lower floor.
Your four strong arms can wield two-handed weapons with a shield.
You have a pair of large antennae on your head. (SInv)


Message History

The ogre is heavily wounded.
The orc priest barely misses you. You block the ogre's attack.
You hit the ogre.
The ogre is heavily wounded.
The orc priest begins to cast a cantrip, but forgets the words!
You block the ogre's attack.
The orc priest hits you but does no damage.
You barely miss the ogre.
The ogre is heavily wounded.
The orc priest looks encouraged for a moment.
You barely miss the ogre.
The ogre is heavily wounded.
The ogre hits you with a giant club!
* * * LOW HITPOINT WARNING * * *
The orc priest hits you from afar with a trident.
* * * LOW HITPOINT WARNING * * *
You hit the ogre but do no damage.
The ogre is heavily wounded.
The ogre hits you with a giant club!
You die...

###### ###....#
#### ###...##.#
.).#
#........#####
...#
####.#....#......
...#
#...............
...#
#.##>#......#{
...# #.#..#......#
...###.#.##.#..#@#
.......#....#..#O#
....##########.#o#
....# ..#o# #####
>.#.# #.....
#..... ##. ..


You could see an ogre, an orc priest and an orc.

Vanquished Creatures
  Grinder (D:3)
  Eustachio (D:4)
  A phantom (D:4)
  An ogre (D:4)
  A necrophage (D:4)
  2 howler monkeys
  A crimson imp (D:5)
  2 orc priests (D:4)
  A hound (D:4)
  A centaur skeleton (D:4)
  6 orc wizards
  A bullfrog skeleton (D:4)
  Jessica (D:2)
  3 worker ants (D:4)
  Terence (D:2)
  A howler monkey skeleton (D:4)
  3 adders
  An ooze (D:4)
  An adder skeleton (D:4)
  4 worms
  2 dart slugs
  7 leopard geckos
  21 orcs
  5 giant cockroaches
  14 goblins
  6 hobgoblins
  8 jackals
  2 quokkas
  A ball python (D:3)
  5 bats
  5 frilled lizards
  A giant cockroach zombie (D:5)
  5 kobolds
  11 rats
127 creatures vanquished.

Notes
Turn   | Place    | Note
-------+----------+-------------------------------------------
     0 | D:1      | Faca the Formicid Fighter began the quest for the Orb.
     0 | D:1      | Reached XP level 1. HP: 18/18 MP: 1/1
    58 | D:1      | Reached XP level 2. HP: 12/24 MP: 2/2
   309 | D:1      | Reached XP level 3. HP: 25/29 MP: 3/3
   538 | D:1      | Reached skill level 4 in Shields
   944 | D:2      | Reached XP level 4. HP: 36/36 MP: 4/4
   946 | D:2      | Noticed Terence
   960 | D:2      | Killed Terence
  1221 | D:2      | Found a sacrificial altar of Ru.
  1639 | D:2      | Noticed Jessica
  1661 | D:2      | Killed Jessica
  1661 | D:2      | Reached XP level 5. HP: 31/42 MP: 5/5
  1960 | D:3      | Noticed Grinder
  1987 | D:3      | Killed Grinder
  1987 | D:3      | Reached skill level 1 in Dodging
  1987 | D:3      | Reached XP level 6. HP: 8/48 MP: 6/6
  2387 | D:3      | Reached XP level 7. HP: 43/54 MP: 7/7
  2778 | D:3      | Reached skill level 5 in Shields
  3226 | D:4      | Reached skill level 5 in Armour
  3695 | D:4      | Found a staircase to the Ecumenical Temple.
  3776 | D:4      | Reached skill level 5 in Long Blades
  4014 | D:4      | Noticed Eustachio
  4070 | D:4      | Reached XP level 8. HP: 13/61 MP: 8/8
  4080 | D:4      | Killed Eustachio
  4080 | D:4      | Reached skill level 6 in Shields
  4514 | D:4      | Reached skill level 5 in Fighting
  4549 | D:4      | Reached skill level 7 in Shields
  5088 | D:5      | Entered Level 5 of the Dungeon
  5359 | D:5      | Mangled by an ogre

Vault maps used:
D:1:      evilmike_arrival_fibonacci_small, minmay_pentomino_p4
D:2:      hangedman_ru_absence, uniq_jessica, uniq_terence
D:3:      first_ration, uniq_grinder
D:4:      minmay_temple_entry_from_below_a, uniq_eustachio

Skill      XL: |  1  2  3  4  5  6  7  8 |
---------------+-------------------------+-----
Shields        | 4 5 7 |  7.3
Armour         | 4 5 6 |  6.2
Fighting       | 4 5 |  5.4
Long Blades    | 3 4 5 |  5.7
Dodging        | 1 |  1.9
Stealth        | |  0.5

Action                   |  1- 3 |  4- 6 |  7- 9 || total
-------------------------+-------+-------+-------++-------
Melee: Long sword        |   110 |   139 |   372 ||   621
 Abil: Dig               |       |       |     2 ||     2
  Use: Scroll            |     2 |     2 |     5 ||     9
       Potion            |       |     1 |     1 ||     2
  Eat: Chunk             |       |     2 |     2 ||     4
       Ration            |       |     1 |     3 ||     4
Armor: Scale mail        |    38 |     2 |       ||    40
       Chain mail        |       |    52 |   221 ||   273
       Skin              |       |     4 |       ||     4
Dodge: Dodged            |    34 |    35 |   144 ||   213
Block: Shield            |    51 |    63 |   274 ||   388
       Rpst.: Long sword |    10 |    11 |    35 ||    56

Table legend:
 A = Spawn XP
 B = Non-spawn XP
 C = Spawn XP percentage of total XP
 D = Spawn monster count
 E = Non-spawn monster count
 F = Spawn count percentage of total count
 G = Total turns spent on level
                    A         B        C        D         E        F      G
               +---------+---------+-------+---------+---------+-------+---------
         Total |       0 |    1886 |   0.0 |       0 |     127 |   0.0 |  5359
               +---------+---------+-------+---------+---------+-------+---------
           D:1 |       0 |      63 |   0.0 |       0 |      37 |   0.0 |   910
           D:2 |       0 |     110 |   0.0 |       0 |      17 |   0.0 |   886
           D:3 |       0 |     453 |   0.0 |       0 |      32 |   0.0 |  1360
           D:4 |       0 |    1066 |   0.0 |       0 |      30 |   0.0 |  1996
           D:5 |       0 |     194 |   0.0 |       0 |      11 |   0.0 |   207
               +---------+---------+-------+---------+---------+-------+---------
